 Dungeon Crawl Stone Soup version 0.20.1-1-g8b1a95d (webtiles) character file.

44 n0claF the Caller (level 3, -2/24 HPs)
             Began as a Mummy Summoner on Oct 26, 2017.
             Killed from afar by an orc wizard (12 damage)
             ... with a puff of flame
             ... on level 3 of the Dungeon.
             The game lasted 00:13:12 (2436 turns).

n0claF the Caller (Mummy Summoner)                  Turns: 2436, Time: 00:13:12

Health: -2/24      AC:  4    Str: 11    XL:     3   Next: 41%
Magic:  2/8        EV: 12    Int: 15    God:
Gold:   156        SH:  0    Dex: 12    Spells: 8/9 levels left

rFire    x . .     SeeInvis .   n - +0 dagger
rCold    + . .     Gourm    .   (no shield)
rNeg     + + +     Faith    .   a - +0 robe
rPois    ∞         Spirit   .   f - +2 hat
rElec    .         Reflect  .   (no cloak)
rCorr    .         Harm     .   (no gloves)
MR       .....     Rnd*Tele +   (no boots)
Stlth    ++........             (no amulet)
Regen    0.1/turn               o - ring of teleportation (curse)
MPRegen  0.2/turn               (no ring)

@: no status effects
A: no food or potions, fire vulnerability, cold resistance 1, negative energy
resistance 3, torment resistance, unbreathing
a: no special abilities


You were on level 3 of the Dungeon.
You were not hungry.

You visited 1 branch of the dungeon, and saw 3 of its levels.

You collected 156 gold pieces.

Inventory:

Hand Weapons
 n - a +0 dagger (weapon)
Missiles
 c - 2 tomahawks (quivered)
Armour
 a - a +0 robe (worn)
 f - a +2 hat (worn)
Jewellery
 o - a cursed ring of teleportation (left hand)
Scrolls
 d - 4 scrolls of identify
 e - a scroll of immolation
 g - 2 scrolls of teleportation {unknown}
 h - a scroll of noise {unknown}
 i - a scroll of fear {unknown}
 j - a scroll of fog {unknown}
 k - a scroll of amnesia {unknown}
 l - a scroll of blinking {unknown}
Books
 b - a book of Callings

   Spells                             Type                      Level
   a - Summon Small Mammal            Summoning                    1
   b - Call Imp                       Summoning                    2
   c - Call Canine Familiar           Summoning                    3
   d - Summon Guardian Golem          Hexes/Summoning              3
   e - Summon Lightning Spire         Summoning/Air                4
   f - Summon Ice Beast               Ice/Summoning                4
 m - a book of Changes

   Spells                             Type                      Level
   a - Beastly Appendage              Transmutation                1
   b - Sticks to Snakes               Transmutation                2
   c - Spider Form                    Transmutation/Poison         3
   d - Ice Form                       Ice/Transmutation            4
   e - Blade Hands                    Transmutation                5


   Skills:
 + Level 0.2 Fighting
 + Level 1.6 Dodging
 + Level 1.6 Stealth
 + Level 3.6 Spellcasting
 + Level 3.9 Summonings


You had 8 spell levels left.
You knew the following spells:

 Your Spells              Type           Power        Failure   Level  Hunger
a - Summon Small Mammal   Summ           ##..         3%          1    N/A

Dungeon Overview and Level Annotations

Branches:
Dungeon (3/15)

Altars:


Innate Abilities, Weirdness & Mutations

You do not eat or drink.
Your flesh is vulnerable to fire.
You are immune to poison.
Your flesh is cold resistant. (rC+)
You are immune to negative energy. (rN+++)
You are immune to unholy pain and torment.
You can survive without breathing.


Message History

The orc wizard casts a spell.
The orc wizard blinks!
Something hits your bat but does no damage.
Your rat barely misses something.
You barely miss the orc wizard.
Your bat hits something but does no damage.
The orc wizard hits you with a dagger of venom.
Something barely misses your bat.
Your rat barely misses something.
Unknown command.
You closely miss the orc wizard.
Your bat hits something but does no damage.
The orc wizard hits you but does no damage.
The orc wizard gestures wildly while chanting.
The orc wizard blinks!
Your bat completely misses you.
Your rat barely misses something.
You hear some strange, mumbled words.
A puff of flame appears from out of thin air!
The puff of flame hits you! The fire burns you terribly!
Ouch! That really hurt!
You die...

.o.#. ##.## ..... ...
.....####.#######
............#...
..............#
.............###
[.....r...#o...####.
.......o.bo.r.......
..........#@..b.....
..........#b..#.....
..........##......#.
###.###......##..... ..
#.##..###.............
...####.##.## #..............
..........<####.............>
......>.†....................
....###.#.#...#..............


You could see 2 orc wizards, an orc, a bat, a friendly quokka (confused), 2
friendly bats and a friendly rat.

Vanquished Creatures
  A leopard gecko (D:2)
  A jackal (D:1)
  A bat (D:1)
3 creatures vanquished.

Vanquished Creatures (collateral kills)
  2 adders
  An ooze (D:2)
  A dart slug (D:1)
  2 leopard geckos
  7 bats
  2 giant cockroaches
  7 goblins
  3 hobgoblins
  9 jackals
  4 kobolds
  A quokka (D:3)
  3 frilled lizards
  A rat (D:3)
43 creatures vanquished.

Grand Total: 46 creatures vanquished

Notes
Turn   | Place    | Note
-------+----------+-------------------------------------------
     0 | D:1      | n0claF the Mummy Summoner began the quest for the Orb.
     0 | D:1      | Reached XP level 1. HP: 13/13 MP: 4/4
   725 | D:1      | Reached XP level 2. HP: 19/19 MP: 0/5
  1981 | D:2      | Reached XP level 3. HP: 19/24 MP: 0/7
  2436 | D:3      | Killed from afar by an orc wizard

Skill      XL: |  1  2 |
---------------+-------+-----
Spellcasting   | 3 |  3.6
Fighting       | |  0.2
Dodging        | |  1.6
Stealth        | |  1.6
Summonings     | |  3.9

Action                   || total
-------------------------++-------
Melee: Unarmed           ||    21
       Dagger            ||    16
 Cast: Summon Small Mamm ||   105
  Use: Scroll            ||     1
Armor: Robe              ||    39
Dodge: Dodged            ||    75
